 Dungeon Crawl Stone Soup version 0.18.1-5-g4a78601 (webtiles) character file.

145 varam the Shooter (level 5, 0/41 HPs)
             Began as a Centaur Hunter on May 8, 2016.
             Slain by an orc
             ... wielding a +0 trident
              (6 damage)
             ... on level 3 of the Dungeon on May 9, 2016.
             The game lasted 00:09:21 (2698 turns).

varam the Shooter (Centaur Hunter)                  Turns: 2698, Time: 00:09:22

Health: 0/41       AC:  6    Str: 14    XL:     5   Next: 6%
Magic:  5/5        EV: 10    Int: 10    God:
Gold:   62         SH:  3    Dex: 11    Spells: 0 memorised, 4 levels left

rFire  . . .     SeeInvis .     v - +0 glaive
rCold  . . .     Gourm    .     c - +0 leather armour
rNeg   . . .     Faith    .     (shield currently unavailable)
rPois  .         Spirit   .     (no helmet)
rElec  .         Dismiss  .     o - +0 cloak
rCorr  .         Reflect  +     m - +0 pair of gloves
SustAt .         Harm     .     (no barding)
MR     .....                    j - +3 amulet of reflection
Stlth  ..........               (no ring)
                                u - ring of loudness (curse)

@: very quick, not resistant to hostile enchantments, extremely unstealthy
A: hooves 3, deformed body, speed 2, tough skin 3
a: no special abilities


You were on level 3 of the Dungeon.
You were not hungry.

You visited 1 branch of the dungeon, and saw 3 of its levels.

You collected 62 gold pieces.

Inventory:

Hand Weapons
 a - a +1 shortbow
 v - a +0 glaive (weapon)
Missiles
 d - 3 arrows
 r - 35 bolts
Armour
 c - a +0 leather armour (worn)
 m - a +0 pair of gloves (worn)
 o - a +0 cloak (worn)
Jewellery
 h - an uncursed amulet of guardian spirit
 j - a +3 amulet of reflection (around neck)
 s - an uncursed amulet of dismissal
 u - a cursed ring of loudness (left hand)
Scrolls
 e - 6 scrolls of identify {unknown}
 k - a scroll of enchant weapon {unknown}
 l - a scroll of recharging {unknown}
 q - a scroll of fear {unknown}
Potions
 g - a potion of resistance {unknown}
 n - 2 potions of might {unknown}
 t - a potion of mutation {unknown}
 w - a potion of haste {unknown}
Comestibles
 b - a chunk of flesh
 f - 3 bread rations
 i - a meat ration
 p - 2 beef jerkies


   Skills:
 - Level 2.0 Fighting
 + Level 6.4 Bows
 + Level 1.1 Armour
 - Level 3.0 Dodging
 - Level 0.5 Stealth


You had 4 spell levels left.
You didn't know any spells.

Dungeon Overview and Level Annotations

Branches:
Dungeon (3/15)

Altars:
Ashenzari
Pakellas
Vehumet


Innate Abilities, Weirdness & Mutations

You have hooves in place of feet.
Armour fits poorly on your strangely shaped body.
You cover ground very quickly.
You have extremely tough skin (AC +3).


Message History

The gnoll hits you from afar with a halberd.
You closely miss the worker ant. The worker ant barely misses you.
The gnoll hits you from afar with a halberd.
The worker ant bites you!
You slash the gnoll! Your kick misses the gnoll.
The gnoll is almost dead.
The worker ant barely misses you. The gnoll barely misses you.
The gnoll hits you with a club. You block the worker ant's attack.
You barely miss the gnoll. You kick the gnoll, but do no damage.
The gnoll is almost dead.
The gnoll hits you from afar with a halberd.
* * * LOW HITPOINT WARNING * * *
The worker ant bites you but does no damage.
The gnoll hits you but does no damage.
The orc hits you from afar with a trident.
* * * LOW HITPOINT WARNING * * *
The worker ant barely misses you. The gnoll closely misses you.
The gnoll barely misses you.
The orc hits you from afar with a trident.
You die...

...
###.#........##...
#.# #.........##
...
#######.......####
.#
#................
#..####.......####
# #..........#.##.
#.......#......(
#.......##...##
#.......@g...$#
..........#a.##.#
####..##.##og#
##.#... ....
#.......(...
#.............
#.......(.....
#.............


You could see a worker ant, 2 gnolls and an orc.

Vanquished Creatures
  An orc wizard (D:3)
  2 gnolls
  2 adders (D:2)
  2 oozes (D:1)
  2 worms (D:2)
  3 dart slugs
  3 giant geckos
  2 orcs (D:3)
  2 giant cockroaches
  5 goblins
  6 hobgoblins
  6 jackals
  6 kobolds
  2 ball pythons (D:1)
  6 bats
  2 giant newts (D:3)
  7 rats (D:1)
59 creatures vanquished.

Notes
Turn   | Place    | Note
--------------------------------------------------------------
     0 | D:1      | varam the Centaur Hunter began the quest for the Orb.
     0 | D:1      | Reached XP level 1. HP: 17/17 MP: 1/1
   374 | D:1      | Reached XP level 2. HP: 18/24 MP: 2/2
   756 | D:1      | Reached XP level 3. HP: 24/29 MP: 1/3
  1557 | D:2      | Reached XP level 4. HP: 30/36 MP: 4/4
  1781 | D:2      | Found a faded altar to an unknown god.
  1958 | D:2      | Found a shattered altar of Ashenzari.
  1960 | D:2      | Found an oddly glowing altar of Pakellas.
  1965 | D:2      | Reached skill level 6 in Bows
  2593 | D:3      | Upgraded the game from 0.18.1-2-ga659475 to 0.18.1-5-g4a78601
  2620 | D:3      | Reached skill level 1 in Armour
  2652 | D:3      | Found a radiant altar of Vehumet.
  2694 | D:3      | Reached XP level 5. HP: 35/41 MP: 5/5
  2698 | D:3      | Slain by an orc

Skill      XL: |  1  2  3  4 |
---------------+-------------+-----
Dodging        | 2 3 |  3.0
Bows           | 6 |  6.4
Armour         | 1 |  1.1
Fighting       | |  2.0
Stealth        | |  0.5

Action                   |  1- 3 |  4- 6 || total
-------------------------+-------+-------++-------
Melee: Mace              |    23 |    14 ||    37
       Kick              |     8 |     6 ||    14
       Glaive            |       |    21 ||    21
 Fire: Shortbow          |    97 |    52 ||   149
  Eat: Chunk             |     1 |     3 ||     4
Armor: Leather armour    |    28 |    15 ||    43
Dodge: Dodged            |    21 |    23 ||    44
Block: Other             |       |     5 ||     5
